[Event "*** Titled Tuesday Blitz"]
[Site "Chess.com"]
[Date "2020.12.01"]
[Round "1"]
[White "Kretov_Evgenij"]
[Black "GM_dmitrij"]
[Result "0-1"]
[WhiteElo "2444"]
[BlackElo "2957"]
[TimeControl "180+1"]
[EndTime "10:06:30 PST"]
[Termination "GM_dmitrij won by checkmate"]

1. d4 Nf6 2. c4 g6 3. Nc3 Bg7 4. e4 O-O 5. Be2 d6 6. Bg5 c5 7. d5 h6 8. Bf4 e6 9. dxe6 Bxe6 10. Bxd6 Re8 11. Nf3 Qb6 12. Bxb8 Raxb8 13. Qc2 Qb4 14. a3 Qa5 15. O-O a6 16. Nd5 b5 17. cxb5 Nxd5 18. exd5 Bxd5 19. b4 cxb4 20. axb4 Qxb4 21. Rxa6 Rbc8 22.
Qd1 Bb3 23. Qd2 Qe4 24. Bd1 Rcd8 25. Qc1 Bc4 26. Bc2 Qg4 27. h3 Qh5 28. Bxg6 Qxb5 29.
Bxf7+ Bxf7 30. Ra7 Ra8 31. Qc7 Rxa7 32. Qxa7 Bd5 33. Nd4 Qd3 34. Qd7 Qe4 35. Nf5 Qxg2# 0-1

[Event "*** Titled Tuesday Blitz"]
[Site "Chess.com"]
[Date "2020.12.01"]
[Round "1"]
[White "PSvidler"]
[Black "SergeyShtyka"]
[Result "1-0"]
[WhiteElo "2856"]
[BlackElo "2424"]
[TimeControl "180+1"]
[EndTime "10:06:30 PST"]
[Termination "PSvidler won by resignation"]

1. e4 c5 2. Nf3 Nc6 3. Bb5 g6 4. O-O Bg7 5. Re1 e5 6. b4 cxb4 7. a3 Nge7 8. axb4 O-O 9. Nc3 d5 10. Bxc6 bxc6 11. d3 a5 12. Bd2 Bg4 13. bxa5 f5 14.
exd5 cxd5 15. h3 Bh5 16. Qb1 Bxf3 17. gxf3 e4 18. Qb7 Rf7 19. Ra4 d4 20. Nb5 Nd5 21.
Qc6 Rc8 22. Qd6 Rd7 23. Qe6+ Kh8 24. fxe4 fxe4 25. Rxe4 Nf6 26. Bg5 Rxc2 27. Raxd4 Rxd4 28. Rxd4 Qa8 29. Rc4 Rxc4 30. dxc4 h6 31. Bxf6 1-0

[Event "*** Titled Tuesday Blitz"]
[Site "Chess.com"]
[Date "2020.12.01"]
[Round "1"]
[White "igorkovalenko"]
[Black "AsaHoffmann"]
[Result "1-0"]
[WhiteElo "2791"]
[BlackElo "2392"]
[TimeControl "180+1"]
[EndTime "10:06:31 PST"]
[Termination "igorkovalenko won by resignation"]

1. e4 d6 2. d4 c6 3. c4 e5 4. Ne2 Qc7 5. Nbc3 Nf6 6. f3 Be7 7. Be3 Nbd7 8. Rc1 a6 9. Qd2 Nf8 10. b4 Ng6 11. d5 c5 12. bxc5 dxc5 13. a4 b6 14. Rb1 Bd7 15. Nc1 O-O 16. Bd3 Ne8 17.
O-O Nd6 18. N1e2 Rfb8 19. Qc2 Qd8 20. g3 Bg5 21. Bf2 h5 22. h4 Bh6 23. Kh2 Qe7 24.
Rb2 b5 25. axb5 axb5 26. Bxc5 bxc4 27. Rxb8+ Rxb8 28. Bxc4 Nxc4 29. Bxe7 Ne3 30. Rb1 Rxb1 31. Qxb1 Nxe7 32. Qb7 Nf1+ 33. Kg1 Bh3 34. Qxe7 Be3+ 35. Kh1 Bd4 36. Nxd4 exd4 37. Nb5 d3 38. Qg5 d2 39.
Nc3 1-0

[Event "*** Titled Tuesday Blitz"]
[Site "Chess.com"]
[Date "2020.12.01"]
[Round "1"]
[White "leoduarte"]
[Black "hermionegrangermagic"]
[Result "0-1"]
[WhiteElo "2298"]
[BlackElo "2619"]
[TimeControl "180+1"]
[EndTime "10:06:31 PST"]
[Termination "hermionegrangermagic won by checkmate"]

1. e4 c5 2. Nf3 Nc6 3. d4 cxd4 4. Nxd4 e5 5. Nb5 d6 6. c4 Be7 7. Be2 f5 8. exf5 Bxf5 9. O-O Nf6 10. N1c3 a6 11. Na3 Nd4 12. Be3 Nxe2+ 13. Qxe2 O-O 14. Nc2 Qe8 15. Nb4 Qg6 16. Nbd5 Nxd5 17. Nxd5 Rae8 18. Rad1 e4 19. Qd2 Bh3 20. g3 Qg4 21. f4 exf3 22.
Rf2 Bh4 23. Bf4 Re2 24. Qd4 Rfe8 25. Qc3 Rxf2 26. Kxf2 Re2+ 27. Kg1 f2+ 28. Kh1 Re1+ 29.
Rxe1 fxe1=Q+ 30. Qxe1 Qf3+ 31. Kg1 Qg2# 0-1

[Event "*** Titled Tuesday Blitz"]
[Site "Chess.com"]
[Date "2020.12.01"]
[Round "1"]
[White "CoachHakia"]
[Black "FontVella8"]
[Result "0-1"]
[WhiteElo "2157"]
[BlackElo "2510"]
[TimeControl "180+1"]
[EndTime "10:06:31 PST"]
[Termination "FontVella8 won by resignation"]

1. d4 e6 2. Nf3 Nf6 3. e3 b6 4. Bd3 Bb7 5. O-O g6 6. Nbd2 Bg7 7. Qe2 d5 8. Ne5 O-O 9. c3 Ne4 10. f3 Nxd2 11. Bxd2 Nd7 12. Nxd7 Qxd7 13. e4 Rfe8 14. e5 c5 15. f4 cxd4 16. cxd4 Rac8 17. Bc3 a5 18. g4 f5 19. exf6 Bxf6 20. Rae1 Bg7 21. Qg2 Rf8 22. h4 Rce8 23. h5 gxh5 24.
gxh5 Kh8 25. Kh1 Rg8 26. Qh3 Bh6 27. f5 exf5 28. Bxf5 Qd6 29. Re5 Bg7 30. Rfe1 Bxe5 31. Rxe5 Rxe5 32. dxe5 d4+ 0-1

[Event "*** Titled Tuesday Blitz"]
[Site "Chess.com"]
[Date "2020.12.01"]
[Round "1"]
[White "Savagelittlemole"]
[Black "Tsyhanchuk_Stanislav"]
[Result "1-0"]
[WhiteElo "2546"]
[BlackElo "2218"]
[TimeControl "180+1"]
[EndTime "10:06:32 PST"]
[Termination "Savagelittlemole won by resignation"]

1. e4 c6 2. d4 d5 3. e5 c5 4. dxc5 e6 5. Be3 Nd7 6. Bb5 Ne7 7. Nf3 Qa5+ 8. Nc3 Nc6 9. O-O Bxc5 10. Bxc5 Nxc5 11. Nd4 Qc7 12. b4 Nd7 13. Bxc6 bxc6 14. f4 O-O 15. Kh1 Ba6 16. Rf3 c5 17. bxc5 Qxc5 18. Rg3 Rfc8 19. f5 Nxe5 20. fxe6 Ng6 21. exf7+ Kxf7 22. Qg4 Re8 23. h4 Qf8 24. Rf3+ Kg8 25.
Rxf8+ Nxf8 26. Nxd5 Rad8 27. Nf6+ 1-0

[Event "*** Titled Tuesday Blitz"]
[Site "Chess.com"]
[Date "2020.12.01"]
[Round "1"]
[White "Soltan49"]
[Black "gilbert_gm"]
[Result "0-1"]
[WhiteElo "2215"]
[BlackElo "2545"]
[TimeControl "180+1"]
[EndTime "10:06:35 PST"]
[Termination "gilbert_gm won by resignation"]

1. d4 Nf6 2. Nf3 d5 3. Bf4 c6 4.
e3 Bg4 5. Bd3 e6 6. Nbd2 Bd6 7.
Bg3 O-O 8. O-O Qc7 9. c4 Nbd7 10. Rc1 Rfe8 11. Qc2 Bh5 12. cxd5 exd5 13. a3 a5 14. b4 axb4 15. axb4 Bxg3 16. hxg3 Qb6 17. b5 Rac8 18. bxc6 bxc6 19. Nb3 Bxf3 20. gxf3 g6 21. Kg2 Kg7 22. Nc5 Nf8 23. Rb1 Qd8 24. Rb7 Re7 25. Rfb1 h5 26.
Rxe7 Qxe7 27. Rb7 Rc7 28. Qb3 N6h7 29. Rxc7 Qxc7 30. Qb7 Qd6 31. Qc8 Ng5 32. Nb7 Qf6 33. f4 Nge6 34. Nc5 Nxc5 35. dxc5 Ne6 36. Ba6 Nxc5 37. Be2 Qe6 38. Bf3 Qxc8 0-1

[Event "*** Titled Tuesday Blitz"]
[Site "Chess.com"]
[Date "2020.12.01"]
[Round "1"]
[White "dropstoneDP"]
[Black "RaphCamora"]
[Result "1-0"]
[WhiteElo "2911"]
[BlackElo "2438"]
[TimeControl "180+1"]
[EndTime "10:06:36 PST"]
[Termination "dropstoneDP won by resignation"]

1. e4 c5 2. Nc3 Nc6 3. Nf3 e5 4. Bc4 Be7 5. d3 Nf6 6. Ng5 O-O 7. h4 d6 8. Nd5 Nxd5 9. Bxd5 Qe8 10. Qh5 h6 11.
Qg6 Bxg5 12. hxg5 Be6 13. Bxe6 fxe6 14. Qxe8 Raxe8 15. gxh6 g6 16. c3 Kh7 17. Be3 Nd8 18. a4 a5 19. Ra3 Nc6 20. Rb3 Rf7 21. Ke2 Ref8 22. f3 Rb8 23. Rb6 Rd7 24. Rd1 Rdd8 25. g4 Rd7 26. g5 Rdd8 27. b3 Rd7 28. d4 cxd4 29. cxd4 exd4 30. Bxd4 d5 31. Bf6 Re8 32. Kf2 d4 33. Rb5 e5 34. Ke2 Rc8 35. Rc1 d3+ 36. Kd2 Re8 37. Rd5 Rxd5 38. exd5 Nd4 39. Rc7+ Kg8 40.
h7+ 1-0

[Event "*** Titled Tuesday Blitz"]
[Site "Chess.com"]
[Date "2020.12.01"]
[Round "1"]
[White "Zq1"]
[Black "garfio2017"]
[Result "1-0"]
[WhiteElo "2594"]
[BlackElo "2286"]
[TimeControl "180+1"]
[EndTime "10:06:36 PST"]
[Termination "Zq1 won by resignation"]

1. d4 Nf6 2. c4 e6 3. Nc3 d5 4.
Nf3 Be7 5. Bf4 O-O 6. e3 b6 7. cxd5 Nxd5 8. Nxd5 exd5 9. Bd3 h6 10. O-O c5 11. dxc5 bxc5 12. e4 d4 13. Qe2 Nc6 14.
Rac1 Bg4 15. h3 Be6 16. b3 a5 17. Bc4 Qd7 18. Bb5 Qb7 19. Bxc6 Qxc6 20. Nxd4 Qd7 21. Nxe6 Qxe6 22. Qc4 Qf6 23. Be3 Rfc8 24. f4 Qb2 25. Rf2 Qa3 26. Qa4 Qxa4 27. bxa4 Rab8 28. Rc4 Rb1+ 29. Kh2 Rb4 30. Rfc2 Rcb8 31. e5 Kf8 32. Kg3 Ke8 33. Kf3 Kd7 34. Bxc5 Bxc5 35. Rxc5 Rxa4 36.
Rc7+ Ke8 37. Ra7 Ra3+ 38. Kg4 g6 39. Rcc7 Rxa2 40. Re7+ Kd8 41. Rxf7 Ke8 42. Rh7 h5+ 43. Kg5 Rxg2+ 44. Kh6 1-0

[Event "*** Titled Tuesday Blitz"]
[Site "Chess.com"]
[Date "2020.12.01"]
[Round "1"]
[White "Alindsay211"]
[Black "AlexeiShirov"]
[Result "0-1"]
[WhiteElo "2418"]
[BlackElo "2847"]
[TimeControl "180+1"]
[EndTime "10:06:37 PST"]
[Termination "AlexeiShirov won on time"]

1. Nf3 d5 2. d4 Nf6 3. g3 Bg4 4. Bg2 Nbd7 5. O-O e6 6. Bf4 Bd6 7.
Ne5 Bh5 8. Nd2 O-O 9. Nxd7 Qxd7 10. Bxd6 Qxd6 11. c3 c5 12. dxc5 Qxc5 13. Nf3 Rab8 14. Qd4 Rfc8 15. Qxc5 Rxc5 16. Rfe1 Ne4 17. Nd4 Nd6 18.
e4 dxe4 19. Bxe4 Nxe4 20. Rxe4 Bg6 21. Re2 Rd5 22. Rae1 Rbd8 23. f4 h6 24. Re5 Rxe5 25. Rxe5 Bb1 26. a3 Ba2 27. Kf2 Bd5 28. Ke2 f6 29.
Re3 Kf7 30. Kd2 g5 31. Kc2 Rg8 32. Ne2 Bc4 33. Kd2 gxf4 34. Nxf4 e5 35. Nd3 h5 36. Nf2 h4 37. Kc2 hxg3 38. hxg3 Rh8 39. Ng4 Be6 40. Nf2 Rh2 41. Re2 Rg2 42. Kd2 Bc4 43. Nd3 Rxe2+ 44. Kxe2 e4 0-1

[Event "*** Titled Tuesday Blitz"]
[Site "Chess.com"]
[Date "2020.12.01"]
[Round "1"]
[White "GothamChess"]
[Black "hawes33"]
[Result "1-0"]
[WhiteElo "2565"]
[BlackElo "2257"]
[TimeControl "180+1"]
[EndTime "10:06:38 PST"]
[Termination "GothamChess won by resignation"]

1. e4 c5 2. a3 e6 3. b4 cxb4 4. axb4 Bxb4 5. c3 Be7 6. d4 Nf6 7. Bd3 d6 8. f4 O-O 9. Nf3 Nc6 10.
O-O Bd7 11. e5 Nd5 12. Kh1 h6 13. Qe2 dxe5 14. fxe5 f5 15. exf6 Rxf6 16. Qe4 Rf5 17. Bd2 Qf8 18. Qe1 Rf6 19. c4 Nf4 20. Be4 Rd8 21. Nc3 Bb4 22. d5 exd5 23. cxd5 Na5 24. Ne5 Nb3 25. Rxa7 Nxd2 26. Qxd2 Kh8 27. Raa1 Bb5 28.
Rxf4 Kg8 29. Rxf6 Qxf6 30. Qb2 Bxc3 31. Qxc3 Re8 32. Re1 Qxe5 33. Qxe5 Rxe5 34. Bh7+ Kxh7 35. Rxe5 Kg6 36. Re7 Bc4 37. d6 b5 38. d7 1-0

[Event "*** Titled Tuesday Blitz"]
[Site "Chess.com"]
[Date "2020.12.01"]
[Round "1"]
[White "temus_galaktionov"]
[Black "ukchessbomber"]
[Result "1-0"]
[WhiteElo "2686"]
[BlackElo "2349"]
[TimeControl "180+1"]
[EndTime "10:06:39 PST"]
[Termination "temus_galaktionov won on time"]

1. d4 Nf6 2. Nf3 g6 3. c4 Bg7 4.
Nc3 O-O 5. e4 d6 6. Be2 e5 7. O-O Nc6 8. d5 Ne7 9. Ne1 Nd7 10. f3 f5 11. g4 f4 12. h4 a5 13.
Nd3 b6 14. Bd2 Nc5 15. Be1 Bd7 16. Kg2 h5 17. g5 Qc8 18. Kh2 Qb7 19. Bf2 Nxd3 20.
Qxd3 Rfd8 21. b3 c5 22. dxc6 Bxc6 23. Rfd1 Rac8 24. Bf1 Bf8 25. Rd2 Rb8 26. Rad1 Nc8 27.
Bh3 Na7 28. a4 Bd7 29. Bxd7 Qxd7 30. Nd5 Qc6 31. Rb1 Kf7 32. Rdb2 Rdc8 33. b4 Qxa4 34. Nxb6 Qc6 35. Nxc8 Nxc8 36. bxa5 Ra8 37. Be1 Ne7 38. Rb7 Rc8 39. Qd5+ Qxd5 40. cxd5 Rc2+ 41. Kg1 Kg8 42. a6 Ra2 43. a7 Nc8 44. Bf2 1-0

[Event "*** Titled Tuesday Blitz"]
[Site "Chess.com"]
[Date "2020.12.01"]
[Round "1"]
[White "Kislov_Oleg"]
[Black "Nikolakis2014"]
[Result "0-1"]
[WhiteElo "2367"]
[BlackElo "2712"]
[TimeControl "180+1"]
[EndTime "10:06:40 PST"]
[Termination "Nikolakis2014 won by resignation"]

1. e4 c6 2. d4 d5 3. Nc3 dxe4 4. Nxe4 Nf6 5. Nxf6+ exf6 6. c3 Bd6 7. Bd3 O-O 8. Qc2 Re8+ 9. Ne2 h5 10. Be3 Nd7 11. O-O-O b5 12. Kb1 Nb6 13. Nc1 Nd5 14.
Bd2 a5 15. g3 a4 16. Rhe1 Be6 17. Bf5 Qd7 18. Bxe6 Rxe6 19. Nd3 Rae8 20. c4 bxc4 21. Qxc4 Rxe1 22. Rxe1 Rxe1+ 23. Bxe1 Qf5 24. Kc2 a3 25. bxa3 Qe4 26. Kb3 Nb6 27. Qc2 Qxd4 28. Bc3 Qc4+ 29. Kb2 Na4+ 30. Kc1 Nxc3 31. Kd2 Ne4+ 32. Kc1 Bxa3+ 33.
Kd1 Nxf2+ 34. Nxf2 Qf1+ 35. Kd2 Qxf2+ 0-1

[Event "*** Titled Tuesday Blitz"]
[Site "Chess.com"]
[Date "2020.12.01"]
[Round "1"]
[White "Mikasinski"]
[Black "Isajevsky_Anton"]
[Result "1-0"]
[WhiteElo "2282"]
[BlackElo "2559"]
[TimeControl "180+1"]
[EndTime "10:06:40 PST"]
[Termination "Mikasinski won by resignation"]

1. e4 c5 2. Nf3 d6 3. d4 cxd4 4. Nxd4 Nf6 5. Nc3 a6 6. Be2 e5 7. Nf3 Qc7 8. Bg5 Nbd7 9. a4 b6 10. Nd2 Bb7 11. Bc4 Be7 12. O-O O-O 13. Qe2 Rfc8 14. Rfd1 h6 15. Bxf6 Nxf6 16. Bb3 Qc5 17.
Nc4 Rab8 18. Ne3 Bf8 19. Ned5 Nh7 20. Rd3 b5 21. axb5 axb5 22. Rad1 Ng5 23. h4 Ne6 24.
Rg3 Nd4 25. Qh5 Nxb3 26. Nf6+ Kh8 27. Qxh6+ 1-0

[Event "*** Titled Tuesday Blitz"]
[Site "Chess.com"]
[Date "2020.12.01"]
[Round "1"]
[White "gross-aleks"]
[Black "DarZay"]
[Result "1-0"]
[WhiteElo "2502"]
[BlackElo "2129"]
[TimeControl "180+1"]
[EndTime "10:06:40 PST"]
[Termination "gross-aleks won on time"]

1. d4 d5 2. Nf3 e6 3. g3 Nf6 4.
Bg2 Be7 5. c4 O-O 6. O-O dxc4 7.
Ne5 Nbd7 8. Nxc4 Nb6 9. Ne5 c6 10.
Nc3 Nfd5 11. Ne4 f6 12. Nd3 Bd7 13. Nec5 Bxc5 14. Nxc5 Qe7 15. Nxb7 e5 16. dxe5 fxe5 17. e4 Nb4 18. a3 Be6 19. Na5 Rad8 20. Qe2 Nd3 21.
Nxc6 Qc7 22. Nxd8 Rxd8 23. Be3 Bc4 24. Qc2 Qf7 25. Rfd1 Rd7 26. Rd2 Bb3 27. Qc3 Na4 28. Qa5 Qc4 29. Bh3 1-0

[Event "*** Titled Tuesday Blitz"]
[Site "Chess.com"]
[Date "2020.12.01"]
[Round "1"]
[White "superchess02"]
[Black "Agent-JL"]
[Result "1-0"]
[WhiteElo "2783"]
[BlackElo "2390"]
[TimeControl "180+1"]
[EndTime "10:06:41 PST"]
[Termination "superchess02 won by resignation"]

1. d4 Nf6 2. c4 e6 3. Nc3 Bb4 4.
Nf3 O-O 5. Bg5 Bxc3+ 6. bxc3 h6 7. Bh4 d5 8. e3 Nbd7 9. Bd3 Qe8 10. O-O dxc4 11. Bxc4 Ne4 12. Qc2 Nd6 13. Bd3 e5 14.
e4 f6 15. c4 exd4 16. c5 Nf7 17. Nxd4 Nde5 18. Be2 Bd7 19. Rab1 Nc6 20. Nb5 Rc8 21. Bg3 Nfe5 22. Rfd1 a6 23. Nc3 Be6 24. Rxb7 Nd7 25. Rxc7 Nxc5 26. Rxc8 Qxc8 27. Bd6 Nb4 28. Qb2 Rd8 29.
Qxb4 Nb7 30. Bg3 Rxd1+ 31. Nxd1 a5 32. Qc3 Qd7 33. a4 Qxa4 34. Ne3 Qb4 35. Qxb4 axb4 36. Bc4 Bxc4 37. Nxc4 Nc5 38. f3 Nd3 39. Bf2 b3 40.
Bd4 Nb4 41. Kf2 Nc2 42. Bc3 Kf7 43. Nd2 Na3 44. Nxb3 Nb5 45. Bb2 Nc7 46. Nd4 Na6 47. Nf5 Nc5 48. Ke3 h5 49. h4 g6 50. Nd6+ Ke6 51. Nc4 Na4 52. Bd4 1-0

[Event "*** Titled Tuesday Blitz"]
[Site "Chess.com"]
[Date "2020.12.01"]
[Round "1"]
[White "andrzej"]
[Black "Funo09"]
[Result "1/2-1/2"]
[WhiteElo "2391"]
[BlackElo "2750"]
[TimeControl "180+1"]
[EndTime "10:06:41 PST"]
[Termination "Game drawn by repetition"]

1. e4 c5 2. Nf3 d6 3. d4 cxd4 4.
Nxd4 Nf6 5. Nc3 a6 6. Be3 Nbd7 7. Bc4 g6 8. f3 Bg7 9. Qd2 b5 10. Bb3 Bb7 11. O-O Rc8 12. a4 b4 13. Nd5 Nxd5 14.
Bxd5 Bxd5 15. exd5 a5 16. f4 Nc5 17. Nc6 Qc7 18.
Bxc5 dxc5 19. Rae1 Bf6 20. Nxe7 Bxe7 21. d6 Qc6 22. Rxe7+ Kf8 23. f5 g5 24. f6 h6 25.
d7 Rd8 26. Rfe1 Qxf6 27. Re8+ Kg7 28. Rxh8 Kxh8 29. Re8+ Kg7 30. Rxd8 Qxd8 31. Qd6 c4 32. Qc6 b3 33. cxb3 cxb3 34. h3 Qe7 35. Qc8 Qe1+ 36. Kh2 Qe5+ 37. Kg1 Qe1+ 38. Kh2 Qe5+ 39. Kg1 Qe1+ 1/2-1/2

[Event "*** Titled Tuesday Blitz"]
[Site "Chess.com"]
[Date "2020.12.01"]
[Round "1"]
[White "Chernobay_Artem"]
[Black "pavelalexandru07"]
[Result "1-0"]
[WhiteElo "2681"]
[BlackElo "2342"]
[TimeControl "180+1"]
[EndTime "10:06:41 PST"]
[Termination "Chernobay_Artem won by resignation"]

1. d4 Nf6 2. c4 c5 3. d5 e6 4.
Nc3 exd5 5. cxd5 d6 6. e4 g6 7.
f4 Bg7 8. Bb5+ Nfd7 9. Bd3 O-O 10. Nf3 Re8 11. O-O c4 12. Bxc4 Nc5 13. e5 Bg4 14. h3 Bf5 15. Nd4 dxe5 16. Nxf5 gxf5 17. fxe5 Rxe5 18.
Bf4 Re8 19. Qh5 Qb6 20. Kh1 Qg6 21. Qf3 Nbd7 22. d6 Ne4 23. Nd5 Bf6 24. Nc7 a6 25.
Bd5 Rab8 26. Nxe8 Rxe8 27. Bxb7 Ndc5 28. Bc6 Rc8 29. Bxe4 fxe4 30. Qg4 Qxg4 31. hxg4 Nd3 32. Rad1 Bxb2 33. Bg5 Rc6 34. d7 1-0

[Event "*** Titled Tuesday Blitz"]
[Site "Chess.com"]
[Date "2020.12.01"]
[Round "1"]
[White "j_coca"]
[Black "Thjop"]
[Result "1-0"]
[WhiteElo "2339"]
[BlackElo "2622"]
[TimeControl "180+1"]
[EndTime "10:06:41 PST"]
[Termination "j_coca won by resignation"]

1. f4 d5 2. Nf3 g6 3. e3 Bg7 4. d4 Nh6 5. Bd3 Bf5 6. O-O O-O 7. c3 Nd7 8. Qc2 c5 9. Nbd2 Qb6 10. Kh1 Rac8 11.
Qb1 c4 12. Bc2 Qe6 13. Ne5 Bxc2 14. Qxc2 Nxe5 15. fxe5 f6 16. exf6 exf6 17. e4 f5 18. e5 Nf7 19. Nf3 Qe7 20. h4 Rc6 21. Bf4 Nd8 22. Bg5 Qd7 23. Rae1 Ne6 24. Bd2 h6 25. Qc1 Kh7 26. Nh2 Qe7 27. g3 b5 28. a3 a5 29. Re2 Rb6 30. Qe1 Rf7 31. g4 f4 32. Nf3 Qd7 33. Rg2 Bf8 34. g5 h5 35.
Nh2 b4 36. axb4 axb4 37. Rgf2 bxc3 38. bxc3 Rb2 39. Bc1 Rxf2 40. Rxf2 Qa4 41. Qf1 Qa1 42. Bd2 Qa3 43. Qb1 Qb3 44. Qa1 Ba3 45. Be1 Bc1 46. Kg2 Be3 47. Rb2 f3+ 48. Nxf3 Nf4+ 49. Kh2 Qxb2+ 50.
Qxb2 Nd3 51. Qe2 Rxf3 52. Qxf3 Bf4+ 53. Bg3 Bxg3+ 54. Kxg3 Kg7 55. Qf6+ 1-0

[Event "*** Titled Tuesday Blitz"]
[Site "Chess.com"]
[Date "2020.12.01"]
[Round "1"]
[White "elamier"]
[Black "DanielDardha2005"]
[Result "0-1"]
[WhiteElo "2310"]
[BlackElo "2634"]
[TimeControl "180+1"]
[EndTime "10:06:41 PST"]
[Termination "DanielDardha2005 won on time"]

1. e4 c5 2. Nf3 Nc6 3. d4 cxd4 4. Nxd4 Nf6 5. Nc3 e5 6. Ndb5 d6 7. a4 Be7 8. Bg5 a6 9. Bxf6 gxf6 10. Na3 f5 11. Qh5 fxe4 12. Bc4 O-O 13. Nxe4 d5 14. O-O-O Be6 15. h4 f6 16. Nc3 Nd4 17. Bd3 Rf7 18. Nab1 Rc8 19. g4 b5 20. g5 b4 21. g6 Rg7 22. gxh7+ Kh8 23. Rdg1 Bf8 24. Rxg7 Bxg7 25. Rg1 bxc3 26. Rxg7 cxb2+ 27. Kd1 Kxg7 28. Qg6+ Kh8 0-1

[Event "*** Titled Tuesday Blitz"]
[Site "Chess.com"]
[Date "2020.12.01"]
[Round "1"]
[White "Titus369"]
[Black "paulrusan"]
[Result "1-0"]
[WhiteElo "2554"]
[BlackElo "2233"]
[TimeControl "180+1"]
[EndTime "10:06:41 PST"]
[Termination "Titus369 won by resignation"]

1. e4 g6 2. d4 Bg7 3. Nf3 d6 4. h3 Nf6 5. Nc3 O-O 6. Bc4 Nxe4 7. Nxe4 d5 8. Bd3 dxe4 9. Bxe4 c5 10. dxc5 Qa5+ 11.
c3 Qxc5 12. Be3 Qc7 13. O-O Nc6 14. Qe2 b6 15. Qc4 Bb7 16. Nd4 Rac8 17. Nb5 Qb8 18. Qe2 e5 19. Rad1 Rfd8 20. Bd5 Rxd5 21. Rxd5 Nd4 22.
Rxd4 exd4 23. Nxd4 Qe5 24. Rd1 Re8 25. Nf3 Qh5 26. Rd7 Bxf3 27. Qxf3 Qxf3 28. gxf3 Ra8 29. Rb7 h5 30. Kf1 Be5 31. Ke2 Kg7 32. Kd3 Kf6 33.
Kc4 Rc8+ 34. Kb5 Rc7 35. Rxc7 Bxc7 36. Ka6 Kf5 37. Kxa7 b5 38. Ka6 b4 39. cxb4 Be5 40. b3 g5 41. b5 g4 42. fxg4+ hxg4 43. hxg4+ Kxg4 44. b6 f5 45. b7 f4 46. Ba7 Kf3 47.
b8=Q Bxb8 48. Bxb8 1-0

[Event "*** Titled Tuesday Blitz"]
[Site "Chess.com"]
[Date "2020.12.01"]
[Round "1"]
[White "Rsnr"]
[Black "Training_Day"]
[Result "1-0"]
[WhiteElo "2773"]
[BlackElo "2387"]
[TimeControl "180+1"]
[EndTime "10:06:43 PST"]
[Termination "Rsnr won on time"]

1. b3 d5 2. Bb2 Bg4 3. g3 Nd7 4. Bg2 c6 5. Nf3 Ngf6 6. O-O e6 7. c4 Be7 8. d4 h6 9. Nbd2 O-O 10. Qc2 Bf5 11.
Qc3 a5 12. a3 Re8 13. Rad1 Bh7 14. Ne5 Qc7 15. Rfe1 Rec8 16. Nxd7 Qxd7 17. e4 dxe4 18. Nxe4 Nxe4 19. Bxe4 Bxe4 20. Rxe4 Bf6 21. Qf3 b5 22. Bc3 Qe7 23. d5 Bxc3 24. Qxc3 cxd5 25. Rxd5 bxc4 26. bxc4 Qb7 27. Rg4 g6 28. Rh5 Qf3 29. Qxf3 1-0

[Event "*** Titled Tuesday Blitz"]
[Site "Chess.com"]
[Date "2020.12.01"]
[Round "1"]
[White "ElGasanov"]
[Black "PenguinPacks"]
[Result "1-0"]
[WhiteElo "2732"]
[BlackElo "2374"]
[TimeControl "180+1"]
[EndTime "10:06:43 PST"]
[Termination "ElGasanov won by resignation"]

1. d4 Nf6 2. Nf3 e6 3. Bg5 Be7 4. c4 d5 5. e3 b6 6. cxd5 Nxd5 7. Bxe7 Qxe7 8. Bb5+ c6 9. Bd3 Qb4+ 10. Qd2 Qxd2+ 11. Nbxd2 Nb4 12. Be4 Ba6 13. Ne5 f6 14.
Nec4 Ke7 15. a3 Nd5 16. b4 Nd7 17. O-O Rac8 18. Rfc1 c5 19. dxc5 bxc5 20. Na5 cxb4 21. Nc6+ Kd6 22. Bxd5 exd5 23. Nxb4 Rxc1+ 24. Rxc1 Rc8 25.
Rd1 Bb7 26. Nb3 Nb6 27. Nd4 a5 28. Nd3 g6 29. Rb1 Kc7 30. Ne6+ Kb8 31. Rxb6 Rc3 32.
Nec5 Kc7 33. Rxb7+ Kc6 1-0

[Event "*** Titled Tuesday Blitz"]
[Site "Chess.com"]
[Date "2020.12.01"]
[Round "1"]
[White "Legendinunknown"]
[Black "hleol"]
[Result "1-0"]
[WhiteElo "2666"]
[BlackElo "2329"]
[TimeControl "180+1"]
[EndTime "10:06:43 PST"]
[Termination "Legendinunknown won by resignation"]

1. d4 d5 2. c4 c6 3. Nf3 Nf6 4. Nc3 e6 5. Bg5 Be7 6. e3 Nbd7 7. Qc2 h6 8. Bh4 O-O 9. Bd3 dxc4 10. Bxc4 b5 11. Bd3 Bb7 12. O-O a6 13. Rad1 Qb6 14. e4 Rac8 15. e5 Nd5 16. Nxd5 cxd5 17. Qe2 Bxh4 18. Nxh4 b4 19. Kh1 Qd8 20. Qg4 Nb6 21.
f4 Nc4 22. Rf3 f5 23. Bxf5 exf5 24. Nxf5 Rxf5 25. Qxf5 Nxb2 26. Re1 Qc7 27. h3 Nc4 28. Rg3 Nd2 29. Kh2 Ne4 30. Rg6 Qf7 31. Qxf7+ Kxf7 32. Rb6 Ba8 33. f5 Rc2 34. Rxb4 Rxa2 35. Rc1 Ng5 36.
Rc7+ Kg8 37. Rb8+ Kh7 38. f6 Nf3+ 39. Kg3 1-0

[Event "*** Titled Tuesday Blitz"]
[Site "Chess.com"]
[Date "2020.12.01"]
[Round "1"]
[White "anon569"]
[Black "mirciulica14"]
[Result "0-1"]
[WhiteElo "2290"]
[BlackElo "2597"]
[TimeControl "180+1"]
[EndTime "10:06:43 PST"]
[Termination "mirciulica14 won by resignation"]

1. e4 e5 2. Nf3 Nc6 3. Bb5 a6 4.
Ba4 Nf6 5. O-O b5 6. Bb3 Bc5 7.
d3 d6 8. Nc3 h6 9. h3 O-O 10. a4 Rb8 11. Be3 Nd4 12. Bxd4 Bxd4 13. Nxd4 exd4 14. Ne2 c5 15. axb5 axb5 16. f4 Be6 17.
Qe1 Ra8 18. f5 Bxb3 19. cxb3 Rxa1 20. Qxa1 Qa8 21. Qe1 Qa2 22. Qd2 Qxb3 23. Nf4 Ra8 24. Qf2 Ra2 25. Qg3 Rxb2 26. Nd5 Nxd5 27. exd5 Qxd5 28.
f6 Qg5 0-1

[Event "*** Titled Tuesday Blitz"]
[Site "Chess.com"]
[Date "2020.12.01"]
[Round "1"]
[White "Msb2"]
[Black "Xeniya2005"]
[Result "0-1"]
[WhiteElo "2835"]
[BlackElo "2437"]
[TimeControl "180+1"]
[EndTime "10:06:44 PST"]
[Termination "Xeniya2005 won by checkmate"]

1. d4 Nf6 2. Nc3 d5 3. Bf4 Bf5 4. e3 e6 5. Nf3 Bd6 6. Ne5 Nbd7 7. Be2 O-O 8. O-O h6 9. Nb5 Bxe5 10. dxe5 Ne8 11. c4 a6 12. Nd4 Bh7 13. cxd5 exd5 14. e6 Ndf6 15. Rc1 Qe7 16. exf7+ Rxf7 17. Nb3 Rd8 18.
Qd4 Nd6 19. Nc5 c6 20. a4 Nfe4 21. h3 Nxc5 22. Qxc5 Rxf4 23. exf4 Qxe2 24. Rce1 Qc2 25. Qb6 Rd7 26. Re5 Nc4 27. Qa7 Nxe5 28. Qb8+ Kf7 29. fxe5 Re7 30. e6+ Rxe6 31. Qxb7+ Re7 32. Qxa6 Bd3 33.
Qxc6 Qxc6 34. Rd1 Qc2 35. Ra1 Qxb2 36. h4 Qxa1+ 37. Kh2 Qxa4 38. Kg3 Qe4 39. f3 Qe1+ 40. Kh3 Bf5+ 41. Kh2 Qxh4+ 42. Kg1 Re1# 0-1

[Event "*** Titled Tuesday Blitz"]
[Site "Chess.com"]
[Date "2020.12.01"]
[Round "1"]
[White "moro182"]
[Black "underdogchss"]
[Result "1-0"]
[WhiteElo "2713"]
[BlackElo "2368"]
[TimeControl "180+1"]
[EndTime "10:06:44 PST"]
[Termination "moro182 won by resignation"]

1. d4 Nf6 2. Bf4 d5 3. e3 e6 4.
Nf3 Bd6 5. Nbd2 Bxf4 6. exf4 Qd6 7. g3 O-O 8. Bd3 b6 9. Qe2 c5 10. c3 a5 11. Ne5 Ba6 12. O-O Bxd3 13. Qxd3 Nbd7 14. Kg2 c4 15. Qe2 b5 16. g4 g6 17.
h4 h5 18. g5 Ne8 19. Nxd7 Qxd7 20. Nf3 Ng7 21. Ne5 Qe8 22. b3 f6 23. Nf3 Nf5 24.
bxc4 dxc4 25. Rfe1 Ra6 26. a4 Qc6 27. axb5 Nxh4+ 28.
Kg3 Nf5+ 29. Kh3 Qxb5 30. Rab1 Qd5 31. gxf6 Rxf6 32. Rb8+ Kg7 33. Ng5 Nd6 34. Qe5 Nf7 35. Qxd5 exd5 36. Re7 Rxf4 37. Rbb7 a4 38. Nxf7 Rxf7 39.
Rxf7+ Kh6 40. f4 1-0